 Dungeon Crawl Stone Soup version 0.27.0-1-g7a089689b8 (webtiles) character file.

Game seed: 4094101608323423295

898 Acheron the Ruffian (level 7, 0/63 HPs)
             Began as a Troll Enchanter on Aug 15, 2021.
             Was a Follower of the Shining One.
             Slain by a black bear (10 damage)
             ... on level 6 of the Dungeon.
             The game lasted 00:11:27 (2862 turns).

Acheron the Ruffian (Troll Enchanter)               Turns: 2862, Time: 00:11:29

Health: 0/63       AC:  4    Str: 17    XL:     7   Next: 79%
Magic:  8/8        EV: 10    Int: 11    God:    the Shining One [*.....]
Gold:   148        SH:  0    Dex: 12    Spells: 7/8 levels left

rFire    . . .     SeeInvis .     - Unarmed
rCold    + . .     Faith    .   (no shield)
rNeg     . . .     Spirit   .   b - +0 robe
rPois    .         Reflect  .   (helmet restricted)
rElec    .         Harm     .   (no cloak)
rCorr    .         Rampage  .   (gloves unavailable)
Will     .....                  (boots unavailable)
Stlth    +.........             (no amulet)
HPRegen  1.20/turn              d - ring of protection from cold
MPRegen  0.11/turn              (no ring)

@: glowing
A: large, unfitting armour, claws 3, regeneration 1, shaggy fur 1, tough skin 1
a: Renounce Religion


You were on level 6 of the Dungeon.
You worshipped the Shining One.
The Shining One was aware of your devotion.
You visited 2 branches of the dungeon, and saw 7 of its levels.

You collected 148 gold pieces.

Inventory:

Hand Weapons
 g - a +1 short sword of venom
 i - a +2 vorpal spear
 m - a +0 vorpal war axe
Missiles
 a - 8 boomerangs (quivered)
 k - a throwing net
Armour
 b - a +0 robe (worn)
Jewellery
 d - a ring of protection from cold (left claw)
 e - a ring of magical power
Wands
 f - a wand of charming (7)
Scrolls
 c - a scroll of holy word {unknown}
Potions
 h - 2 potions of brilliance
 j - 2 potions of curing {unknown}


   Skills:
 * Level 1.8 Fighting
 - Level 0.7 Short Blades
 * Level 1.6 Throwing
 * Level 3.4 Dodging
 + Level 2.2 Stealth
 * Level 6.1 Unarmed Combat
 + Level 1.3 Spellcasting
 + Level 2.1 Hexes
 * Level 1.1 Evocations


You had 7 spell levels left.
You knew the following spells:

 Your Spells              Type           Power      Damage    Failure   Level
a - Corona                Hex            5%         N/A       13%         1

Your spell library contained the following spells:

 Spells                   Type           Power      Damage    Failure   Level
 Ensorcelled Hibernation  Hex/Ice        6%         N/A       30%         2
 Confusing Touch          Hex            5%         N/A       36%         3
 Tukima's Dance           Hex            5%         N/A       36%         3
 Dazzling Flash           Conj/Hex       6%         N/A       52%         3


Dungeon Overview and Level Annotations

Branches:
Dungeon (6/15)             Temple (1/1) D:4

Altars:
Ashenzari
Fedhas
Gozag
Hepliaklqana
Kikubaaqudgha
Makhleb
Nemelex Xobeh
Qazlal
Trog
Vehumet
Xom
Yredelemnul
Zin
The Shining One

Annotations:
D:3 Purgy
D:5 exclusion: downstairs


Innate Abilities, Weirdness & Mutations

You are too large for most types of armour.
You have claws for hands.
Your natural rate of healing is unusually fast.
You are covered in fur. (AC +1)
You have tough skin. (AC +1)


Message History

You claw the black bear!
The black bear is severely wounded.
The hound barely misses you. The hound bites you but does no damage.
The black bear bites you. The black bear closely misses you.
The black bear claws you but does no damage.
The hound bites you.
You barely miss the black bear.
The black bear is severely wounded.
The hound bites you but does no damage. The black bear bites you.
The black bear claws you. The black bear closely misses you.
The hound barely misses you. The hound bites you but does no damage.
You barely miss the black bear.
The black bear is severely wounded.
The hound barely misses you. The hound bites you.
The black bear bites you but does no damage.
The black bear claws you. The black bear barely misses you.
You scratch the black bear.
The black bear is almost dead.
The hound bites you. The hound bites you but does no damage.
The black bear barely misses you. The black bear closely misses you. x2
The hound bites you.
You completely miss the black bear.
The black bear is almost dead.
The hound bites you. The hound closely misses you. The hound barely misses you.
The black bear goes berserk!
You scratch the black bear.
The black bear is almost dead.
The hound bites you. The black bear bites you!
* * * LOW HITPOINT WARNING * * *
The black bear closely misses you.
The black bear claws you but does no damage.
The hound bites you but does no damage.
You scratch the black bear but do no damage.
The black bear is almost dead.
The hound bites you.
* * * LOW HITPOINT WARNING * * *
The hound bites you.
* * * LOW HITPOINT WARNING * * *
The black bear bites you!
You die...

..# ### .. ...
..# .#. ..###
... .....# ...
#...# ...
##h...#.# .!.
#@h...... ...
.?....h........
#..
#++#.......###.
. ##......#
#........
.........#
..(......##
.........##


You could see a black bear (berserk) and 2 hounds.

Vanquished Creatures
  A sky beast (D:5)
  2 ogres
  2 phantoms (D:5)
  A howler monkey (D:5)
  2 bullfrog zombies (D:5)
  A centaur skeleton (D:5)
  2 iguanas
  A scorpion zombie (D:5)
  4 orc wizards
  A hound zombie (D:5)
  5 adders
  3 gnolls (D:4)
  A shadow imp (D:5)
  A white imp (D:5)
  An adder zombie (D:5)
  2 worms
  A dart slug (D:5)
  8 orcs
  5 ball pythons
  3 endoplasms (D:2)
  5 goblins
  5 hobgoblins
  2 jackals (D:4)
  7 kobolds (D:1)
  3 quokkas (D:1)
  2 bats (D:1)
  A rat (D:1)
72 creatures vanquished.

Notes
Turn   | Place    | Note
-------+----------+-------------------------------------------
     0 | D:1      | Acheron the Troll Enchanter began the quest for the Orb.
     0 | D:1      | Reached XP level 1. HP: 16/16 MP: 1/1
   312 | D:1      | Reached XP level 2. HP: 24/24 MP: 2/2
   440 | D:1      | Reached skill level 1 in Unarmed Combat
   634 | D:2      | Reached XP level 3. HP: 32/32 MP: 4/4
   816 | D:3      | Noticed Purgy
   909 | D:3      | Found a faded altar of an unknown god.
   927 | D:3      | Reached skill level 2 in Unarmed Combat
  1099 | D:4      | Noticed an ogre
  1101 | D:4      | HP: 1/32 [ogre (31)]
  1125 | D:4      | Killed an ogre
  1126 | D:4      | Reached XP level 4. HP: 25/40 MP: 5/5
  1126 | D:4      | Reached XP level 5. HP: 29/46 MP: 6/6
  1266 | D:4      | Reached skill level 3 in Unarmed Combat
  1292 | D:4      | Reached skill level 1 in Fighting
  1350 | D:4      | Found a staircase to the Ecumenical Temple.
  1360 | Temple   | Entered the Ecumenical Temple
  1434 | Temple   | Became a worshipper of the Shining One
  1529 | D:5      | Entered Level 5 of the Dungeon
  1650 | D:4      | Reached XP level 6. HP: 47/55 MP: 7/7
  1657 | D:4      | Reached skill level 4 in Unarmed Combat
  1724 | D:6      | Noticed an ice beast
  1851 | D:5      | Reached XP level 7. HP: 51/62 MP: 8/8
  1884 | D:5      | Reached skill level 1 in Throwing
  1884 | D:5      | Reached skill level 5 in Unarmed Combat
  1928 | D:5      | Reached * piety under the Shining One
  2089 | D:5      | Found a basalt altar of Yredelemnul.
  2191 | D:5      | Reached skill level 1 in Evocations
  2759 | D:5      | Reached skill level 6 in Unarmed Combat
  2862 | D:6      | Slain by a black bear

Illustrated notes

Levels and vault maps discovered:
D:1:      kennysheep_arrival_seaside, layout_basic
D:2:      layout_rooms, minmay_small_reverse_x
D:3:      layout_basic, shapermc_ecumenical_altar_gd, grunt_decor_junction,
          uniq_jessica, uniq_terence, uniq_purgy
D:4:      layout_basic, mainiacjoe_overflow_alcove_1,
          mainiacjoe_overflow_catwalk, minmay_temple_entry_steel_oval,
          uniq_robin
D:5:      layout_cave_pods, old_standard_altar
D:6:      kennysheep_housing_project, layout_cave_pools, tgw_sif,
          mainiacjoe_overflow_six_doors_small, serial_gnoll_camp,
          gnoll_camp_mini_loothouse, grums_kennel, gnoll_camp_mini_hut,
          gnoll_camp_mini_house, gnoll_camp_mini_basic, serial_shops,
          nicolae_shop_crystal
Temple:   nicolae_temple_god_jail

Skill      XL: |  1  2  3  4  5  6  7 |
---------------+----------------------+-----
Unarmed Combat | 1 2 3 4 6 |  6.1
Dodging        | 2 3 |  3.4
Stealth        | 2 |  2.2
Fighting       | 1 |  1.8
Throwing       | 1 |  1.6
Evocations     | 1 |  1.1
Short Blades   | |  0.7
Spellcasting   | |  1.3
Hexes          | |  2.1

Action                   |  1- 3 |  4- 6 |  7- 9 || total
-------------------------+-------+-------+-------++-------
Melee: Unarmed           |    87 |   106 |    71 ||   264
       Dagger            |     8 |       |       ||     8
       Punch             |     1 |     4 |       ||     5
  Use: Potion            |       |     1 |       ||     1
       Scroll            |       |       |     5 ||     5
 Stab: Sleeping          |     3 |       |       ||     3
Armor: Robe              |    33 |    26 |    21 ||    80
Dodge: Dodged            |    33 |    50 |    47 ||   130
